 Dungeon Crawl Stone Soup version 0.25.0-1-g7eea58d (webtiles) character file.

Game seed: 3038319152123808154

11935 Illumine the Geomancer (level 11, -2/67 HPs)
             Began as a Gargoyle Earth Elementalist on June 25, 2020.
             Was a Priest of Vehumet.
             Killed from afar by a fire dragon (56 damage)
             ... with a blast of flame
             ... on level 2 of the Lair of Beasts.
             The game lasted 00:22:57 (11005 turns).

Illumine the Geomancer (GrEE)                      Turns: 11005, Time: 00:22:58

Health: -2/67      AC: 19    Str: 13    XL:     11   Next: 85%
Magic:  20/21      EV: 12    Int: 21    God:    Vehumet [***...]
Gold:   845        SH:  5    Dex: 10    Spells: 15/23 levels left

rFire    . . .     SeeInvis .   B - +4 whip (elec)
rCold    + + .     Gourm    .   f - +0 buckler
rNeg     + . .     Faith    .   l - +1 leather armour {rC+}
rPois    ∞         Spirit   .   w - +2 hat {Int+3}
rElec    +         Reflect  .   e - +2 cloak {rPois}
rCorr    .         Harm     .   (no gloves)
MR       .....                  t - +0 pair of boots
Stlth    ++........             (no amulet)
HPRegen  0.21/turn              J - ring of protection from cold
MPRegen  0.17/turn              (no ring)

@: no status effects
A: negative energy resistance 1, electricity resistance, unbreathing,
petrification resistance, rot immunity, AC +8
a: Renounce Religion


You were on level 2 of the Lair of Beasts.
You worshipped Vehumet.
Vehumet was most pleased with you.
You were very hungry.

You visited 3 branches of the dungeon, and saw 11 of its levels.

You collected 845 gold pieces.

Inventory:

Hand Weapons
 a - a +0 club
 g - a +4 dagger
 o - a +0 hand axe of venom
 u - a +0 morningstar
 B - a +4 whip of electrocution (weapon)
Missiles
 b - 55 stones (quivered)
Armour
 e - a +2 cloak of poison resistance (worn)
 f - a +0 buckler (worn)
 i - a cursed +0 kite shield
 l - a +1 leather armour of cold resistance (worn)
 t - a +0 pair of boots (worn)
 w - a +2 hat of intelligence (worn)
 H - a +0 chain mail of fire resistance
Jewellery
 x - the ring "Zorow" {Ice Str+2}
   (You found it on level 7 of the Dungeon)

   [ring of ice]

   It enhances your ice magic.
   It affects your strength (+2).
   It makes you vulnerable to fire.
   It protects you from cold.
 J - a ring of protection from cold (left hand)
Wands
 r - a wand of iceblast (7)
 s - a wand of paralysis (7)
 z - a wand of polymorph (6)
 I - a wand of digging (10)
 K - a wand of flame (14)
 M - a wand of acid (10)
Scrolls
 h - 6 scrolls of teleportation
 m - a scroll of blinking
 y - a scroll of amnesia
 A - a scroll of fear {unknown}
 D - 2 scrolls of remove curse {unknown}
 E - 4 scrolls of fog {unknown}
 F - a scroll of magic mapping {unknown}
 O - a scroll of random uselessness {unknown}
Potions
 c - a potion of flight
 j - 3 potions of mutation
 k - 4 potions of berserk rage
 n - 7 potions of curing
 p - 2 potions of stabbing
 q - 4 potions of degeneration {unknown}
 v - a potion of invisibility
 C - 2 potions of brilliance {unknown}
 G - 2 potions of might {unknown}
 L - a potion of magic {unknown}
 N - a potion of heal wounds {unknown}
Comestibles
 d - 26 rations


   Skills:
 + Level 7.1 Fighting
 + Level 6.4 Maces & Flails
 + Level 7.1 Armour
 - Level 2.1 Dodging
 - Level 2.2 Stealth
 + Level 5.9 Shields
 + Level 6.8 Spellcasting
 + Level 7.5 Conjurations
 - Level 2.2 Translocations
   Level 0.7 Transmutations
 + Level 4.7 Fire Magic
 + Level 9.2 Earth Magic


You had 15 spell levels left.
You knew the following spells:

 Your Spells              Type           Power        Failure   Level  Hunger
a - Sandblast             Erth           #####.       1%          1    None
b - Stone Arrow           Conj/Erth      #####.       1%          3    #......
c - Blink                 Tloc           N/A          7%          2    None
d - Apportation           Tloc           ###...       4%          1    None
e - Foxfire               Conj/Fire      ####         1%          1    None

Your spell library contained the following spells:

 Spells                   Type           Power        Failure   Level  Hunger
 Frozen Ramparts          Ice            #.....       9%          3    #......
 Magic Dart               Conj           ####         1%          1    None
 Conjure Flame            Conj/Fire      ####....     1%          3    #......
 Dazzling Flash           Conj/Hex       ###...       1%          3    #......
 Lee's Rapid Deconstruct  Erth           #####.....   1%          5    #####..
 Passwall                 Tmut/Erth      ####....     2%          2    None
 Mephitic Cloud           Conj/Pois/Air  ###.....     3%          3    #......
 Animate Skeleton         Necr           N/A          11%         1    None
 Corona                   Hex            #......      11%         1    None
 Summon Small Mammal      Summ           #...         11%         1    None
 Petrify                  Tmut/Erth      ####....     14%         4    ###....
 Call Imp                 Summ           #.......     17%         2    None
 Ensorcelled Hibernation  Hex/Ice        #.....       17%         2    None
 Slow                     Hex            #.......     17%         2    None
 Call Canine Familiar     Summ           #.......     32%         3    #......
 Confusing Touch          Hex            #.......     32%         3    #......
 Summon Guardian Golem    Hex/Summ       #.......     32%         3    #......
 Tukima's Dance           Hex            #.......     32%         3    #......
 Summon Ice Beast         Ice/Summ       #.......     73%         4    ###....
 Summon Lightning Spire   Summ/Air       #.......     73%         4    ###....


Dungeon Overview and Level Annotations

Branches:
Dungeon (8/15)             Temple (1/1) D:5            Lair (2/6) D:8
  Swamp: Lair:2-4    Shoals: Lair:2-4     Snake: Lair:2-4    Spider: Lair:2-4

Altars:
Ashenzari
Cheibriados
Dithmenos
Elyvilon
Fedhas
Gozag
Hepliaklqana
Makhleb
Nemelex Xobeh
Okawaru
Qazlal
Sif Muna
Trog
Uskayaw
Vehumet
Wu Jian
Xom
Zin
The Shining One

Shops:
D:7 (

Portals:
Abyss: D:3

Annotations:
D:3 1 transporter, auberdahn's ghost, amateur TrWz


Innate Abilities, Weirdness & Mutations

You are resistant to torment.
Your stone body is resilient. (AC +8)
You are immune to poison.
You resist negative energy. (rN+)
You are resistant to electric shocks. (rElec)
You can survive without breathing.
You are immune to petrification.
You are immune to rotting.


Message History

Okay, then.
Evoke which item? (* to show all) (? for menu, Esc to quit)
Aiming: Corrosive Bolt
Press: ? - help, Shift-Dir - straight line, f/p - fire dragon
Aim: a fire dragon (moderately wounded)
The bolt of acid hits the fire dragon.
The fire dragon is splashed with acid.
The acid corrodes the fire dragon!
The fire dragon is heavily wounded.
Casting: Sandblast (safe; 1% risk of failure)
Confirm with . or Enter, or press ? or * to list all spells.
Aiming: Sandblast (safe; 1% risk of failure)
Press: ? - help, Shift-Dir - straight line, f/p - fire dragon
Aim: a fire dragon (heavily wounded, covered in acid)
The blast of sand hits the fire dragon!!
The fire dragon is severely wounded.
b - 55 stones The fire dragon breathes flames at you.
The blast of flame hits you!!!
Ouch! That really hurt!
You die...

###########.#####.
#.#####. #.(..##.
####.##. ######### ##.##.
#≈≈≈≈...#### #..# .
##≈≈≈.......## ######.##
#≈≈≈≈........#####......#
≈≈≈≈≈≈!...D@.......######
$$≈≈≈≈.........#####
$$..≈≈≈......###
?....≈≈≈....##
....≈≈≈≈..### ###########


You could see a fire dragon (catching breath, corroded).

Vanquished Creatures
  2 hydras (Lair:1)
  A two-headed ogre (D:8)
  Pikel (D:4)
  An elephant (D:8)
  4 spiny frogs
  Grinder (D:5)
  6 blink frogs (Lair:1)
  A hippogriff (Lair:1)
  Sigmund (D:5)
  14 yaks
  A wyvern (Lair:2)
  2 basilisks
  A water moccasin (Lair:1)
  2 porcupines (Lair:2)
  An orc warrior (D:8)
  An ice beast (D:7)
  2 sky beasts
  A phantom (D:6)
  3 ogres
  5 centaurs
  3 crocodiles
  A big kobold (D:8)
  7 bullfrogs
  2 wyvern zombies (D:6)
  A scorpion (D:5)
  6 killer bees (D:8)
  6 howler monkeys
  A centaur zombie (D:6)
  2 crimson imps
  An orc priest (D:3)
  5 jellies
  4 hounds
  Crazy Yiuf (D:7)
  An orc wizard (D:8)
  An iguana (D:6)
  Jessica (D:2)
  2 bullfrog skeletons
  2 centaur skeletons
  Ijyb (D:4)
  11 worker ants
  2 worker ant zombies
  3 gnolls (D:4)
  9 adders
  A shadow imp (D:7)
  2 oozes
  2 adder zombies
  4 worms
  6 dart slugs
  6 leopard geckos
  35 orcs
  4 ball pythons
  8 bats
  5 giant cockroaches
  5 hobgoblins
  5 jackals
  3 kobolds
  3 quokkas
  5 frilled lizards
  12 goblins
  A leopard gecko skeleton (D:5)
  A quokka skeleton (D:4)
  12 rats
244 creatures vanquished.

Vanquished Creatures (others)
  2 slaves (D:4)
  A hound (D:6)
  2 jackals (D:4)
  A bush (Lair:1)
  A fungus (Lair:1)
7 creatures vanquished.

Grand Total: 251 creatures vanquished

Notes
Turn   | Place    | Note
-------+----------+-------------------------------------------
     0 | D:1      | Illumine the Gargoyle Earth Elementalist began the quest
                  | for the Orb.
     0 | D:1      | Reached XP level 1. HP: 10/10 MP: 3/3
   155 | D:1      | Reached XP level 2. HP: 15/15 MP: 3/5
   220 | D:1      | Reached skill level 4 in Earth Magic
   639 | D:1      | Found a shimmering altar of Xom.
   714 | D:1      | Reached XP level 3. HP: 19/19 MP: 6/6
   719 | D:1      | Learned a level 3 spell: Stone Arrow
  1178 | D:2      | Noticed Jessica
  1188 | D:2      | Killed Jessica
  1188 | D:2      | Reached skill level 1 in Conjurations
  1188 | D:2      | Reached XP level 4. HP: 24/24 MP: 4/8
  1399 | D:2      | Found a shadowy altar of Dithmenos.
  1468 | D:2      | Learned a level 2 spell: Blink
  1834 | D:3      | Noticed a small abomination
  1850 | D:3      | Identified the +9 rapier "Adweg" {distort, rPois}
  1850 | D:3      | Noticed a big kobold
  1870 | D:3      | Found a one-way gate to the infinite horrors of the Abyss.
  1874 | D:3      | Noticed auberdahn's ghost (amateur TrWz)
  1889 | D:3      | Found a transporter.
  1892 | D:3      | Reached XP level 5. HP: 24/28 MP: 9/9
  1987 | D:3      | Reached skill level 1 in Fighting
  1987 | D:3      | Reached skill level 1 in Armour
  2329 | D:3      | Reached skill level 5 in Earth Magic
  2710 | D:4      | Noticed an ogre
  2814 | D:4      | Reached XP level 6. HP: 21/34 MP: 4/10
  2964 | D:4      | Noticed Ijyb
  2988 | D:4      | Killed Ijyb
  2988 | D:4      | Reached skill level 1 in Shields
  3052 | D:4      | Learned a level 1 spell: Apportation
  3181 | D:4      | Noticed Pikel
  3194 | D:4      | Killed Pikel
  3194 | D:4      | Reached XP level 7. HP: 36/40 MP: 2/12
  3582 | D:4      | Reached XP level 8. HP: 45/45 MP: 12/14
  3812 | D:4      | Found a burning altar of Makhleb.
  3892 | D:4      | Reached skill level 6 in Earth Magic
  4172 | D:5      | Entered Level 5 of the Dungeon
  4634 | D:5      | Found a staircase to the Ecumenical Temple.
  4643 | Temple   | Entered the Ecumenical Temple
  4682 | Temple   | Became a worshipper of Vehumet
  4932 | D:5      | Found an iron altar of Okawaru.
  4978 | D:5      | Noticed Grinder
  4984 | D:5      | Paralysed by Grinder for 7 turns
  4992 | D:5      | Killed Grinder
  5279 | D:5      | Noticed Sigmund
  5286 | D:5      | Killed Sigmund
  5286 | D:5      | Reached XP level 9. HP: 46/52 MP: 9/16
  5371 | D:5      | Noticed a moth of wrath
  5374 | D:5      | Found a bloodstained altar of Trog.
  5891 | D:6      | Found a white marble altar of Elyvilon.
  5953 | D:6      | Reached * piety under Vehumet
  5953 | D:6      | Offered knowledge of Foxfire by Vehumet.
  5953 | D:6      | Reached skill level 7 in Earth Magic
  6013 | D:6      | Learned a level 1 spell: Foxfire
  6147 | D:6      | Found a shimmering altar of Xom.
  6147 | D:6      | Found a glowing silver altar of Zin.
  6147 | D:6      | Noticed an angel
  6172 | D:6      | Reached skill level 5 in Spellcasting
  6172 | D:6      | Reached skill level 5 in Conjurations
  6383 | D:6      | Found an opulent altar of Gozag.
  6383 | D:6      | Found a shimmering blue altar of Sif Muna.
  6391 | D:6      | Found a hazy altar of Hepliaklqana.
  6393 | D:6      | Found a glowing golden altar of the Shining One.
  6402 | D:6      | Found an ornate altar of the Wu Jian Council.
  6677 | D:6      | Found a snail-covered altar of Cheibriados.
  6697 | D:6      | Found a shimmering altar of Xom.
  6917 | D:7      | Reached skill level 1 in Fire Magic
  6921 | D:7      | Reached skill level 1 in Translocations
  7077 | D:7      | Found Igoit's Weapon Shop.
  7197 | D:7      | Reached skill level 5 in Armour
  7253 | D:7      | Got an ancient steel ring
  7254 | D:7      | Identified the ring "Zorow" {Ice Str+2} (You found it on
                  | level 7 of the Dungeon)
  7326 | D:7      | Found a runed translucent door.
  7327 | D:7      | Noticed Crazy Yiuf
  7332 | D:7      | Killed Crazy Yiuf
  7409 | D:7      | Reached skill level 5 in Fighting
  7784 | D:8      | Noticed a two-headed ogre
  7786 | D:8      | Reached XP level 10. HP: 59/59 MP: 18/18
  7796 | D:8      | Killed a two-headed ogre
  7904 | D:8      | Reached ** piety under Vehumet
  7905 | D:8      | Offered knowledge of Shock by Vehumet.
  8024 | D:8      | Noticed an elephant
  8040 | D:8      | Killed an elephant
  8049 | D:8      | Reached skill level 5 in Maces & Flails
  8072 | D:8      | Reached skill level 8 in Earth Magic
  8080 | D:8      | Found a staircase to the Lair.
  8832 | Lair:1   | Entered Level 1 of the Lair of Beasts
  8832 | Lair:1   | Noticed a spiny frog
  8842 | Lair:1   | Killed a spiny frog
  8979 | Lair:1   | Reached XP level 11. HP: 45/64 MP: 20/20
  9075 | Lair:1   | Offered knowledge of Frozen Ramparts by Vehumet.
  9231 | Lair:1   | Reached skill level 5 in Shields
  9537 | Lair:1   | Noticed a four-headed hydra
  9544 | Lair:1   | Killed a four-headed hydra
  9685 | Lair:1   | Noticed a four-headed hydra
  9694 | Lair:1   | Killed a four-headed hydra
  9694 | Lair:1   | Reached skill level 9 in Earth Magic
 10699 | Lair:2   | Reached *** piety under Vehumet
 10994 | Lair:2   | Noticed a fire dragon
 11005 | Lair:2   | Killed from afar by a fire dragon

Illustrated notes

Levels and vault maps discovered:
D:1:      eino_arrival_cavern_d, layout_basic, xom_teletrap_fun
D:2:      layout_rooms, marbit_many_paths, uniq_jessica
D:3:      layout_loops_ring, first_ration, gammafunk_ghost_abyssal_escape,
          chequers_serial_rivers_small_3
D:4:      layout_cave_pods, serial_rivers, chequers_serial_rivers_micro_e,
          chequers_serial_rivers_room_a, chequers_serial_rivers_micro_e,
          chequers_serial_rivers_micro_b, chequers_serial_rivers_micro_e,
          chequers_serial_rivers_micro_a, makhleb_heckhound_becter, uniq_ijyb,
          uniq_pikel
D:5:      layout_cave_pods, tgw_trog, temple_statues, basic_altar, st_stairs_9,
          uniq_grinder, uniq_sigmund
D:6:      layout_rooms, grunt_temple_overflow_order_and_chaos_1,
          old_standard_altar, kennysheep_slug_shrine,
          chequers_temple_overflow_minitemple, basic_altar, minmay_crossroads
D:7:      layout_loops_cross, serial_shops, shop, columned_hall_lemuel,
          uniq_crazy_yiuf_cottage
D:8:      layout_loops_cross, david_lair_generic, blue_anna_alchemist
          [blue_anna_fruit_fields, blue_anna_fruit_fields],
          mrwooster_statue_mirror
Temple:   jpeg_temple_alley_garden
Lair:1:   layout_regular_city
Lair:2:   dragon1_lemuel, layout_chaotic_city, lemuel_fruit_tree,
          grunt_megastairs_5

Skill      XL: |  1  2  3  4  5  6  7  8  9 10 11 |
---------------+----------------------------------+-----
Earth Magic    | 4 5 6 7 8 9 |  9.2
Dodging        | 2 |  2.1
Conjurations   | 1 2 3 4 5 6 7 |  7.5
Spellcasting   | 3 4 5 6 |  6.8
Fighting       | 1 2 4 5 6 7 |  7.1
Armour         | 1 2 3 4 5 6 7 |  7.1
Shields        | 2 3 4 5 |  5.9
Maces & Flails | 2 3 4 5 6 |  6.4
Fire Magic     | 1 3 4 |  4.7
Translocations | 1 2 |  2.2
Stealth        | |  2.2
Transmutations | |  0.7

Action                   |  1- 3 |  4- 6 |  7- 9 | 10-12 || total
-------------------------+-------+-------+-------+-------++-------
Melee: Club              |    19 |       |       |       ||    19
       Dagger            |    36 |    86 |       |       ||   122
       Morningstar       |       |    41 |       |       ||    41
       Whip              |       |       |   282 |   188 ||   470
Throw: Stone             |     1 |     1 |       |       ||     2
 Cast: Sandblast         |     7 |    50 |    62 |   104 ||   223
       Stone Arrow       |       |       |       |    14 ||    14
Evoke: Wand              |       |     1 |     1 |     6 ||     8
  Use: Scroll            |       |       |    11 |     2 ||    13
 Stab: Sleeping          |     4 |     2 |     3 |     1 ||    10
       Paralysed         |       |     3 |       |       ||     3
  Eat: Chunk             |     1 |     6 |    12 |     9 ||    28
       Ration            |       |       |     1 |       ||     1
Armor: Robe              |    15 |     3 |       |       ||    18
       Leather armour    |       |    52 |   129 |   103 ||   284
Dodge: Dodged            |    41 |    94 |   135 |   120 ||   390
Block: Buckler           |       |       |    54 |    34 ||    88
